 Dungeon Crawl Stone Soup version 0.23-a0-417-gf02c810438 (webtiles) character file.

354 Nixze the Chopper (level 6, -4/58 HPs)
             Began as a Hill Orc Monk on Nov 10, 2018.
             Slain by Grinder (8 damage)
             ... on level 4 of the Dungeon.
             The game lasted 00:07:48 (4515 turns).

Nixze the Chopper (Hill Orc Monk)                   Turns: 4515, Time: 00:07:49

Health: -4/58      AC:  8    Str: 16    XL:     6   Next: 62%
Magic:  6/6        EV:  7    Int: 10    God:
Gold:   252        SH:  0    Dex: 13    Spells: 5/5 levels left

rFire    . . .     SeeInvis .   a - +0 hand axe
rCold    . . .     Gourm    +   (no shield)
rNeg     . . .     Faith    .   u - +0 chain mail
rPois    .         Spirit   .   (no helmet)
rElec    .         Reflect  .   (no cloak)
rCorr    +         Harm     .   (no gloves)
MR       .....                  (no boots)
Stlth    ..........             t - amulet of the gourmand
HPRegen  0.19/turn              k - ring of resist corrosion
MPRegen  0.10/turn              (no ring)

@: no status effects
A: no striking features
a: no special abilities


You were on level 4 of the Dungeon.
You were completely stuffed.

You visited 1 branch of the dungeon, and saw 4 of its levels.

You collected 252 gold pieces.

Inventory:

Hand Weapons
 a - a +0 hand axe (weapon)
Armour
 g - a -1 robe
 u - a +0 chain mail (worn)
Jewellery
 k - a ring of resist corrosion (left hand)
 t - an amulet of the gourmand (around neck)
Scrolls
 b - a scroll of enchant armour {unknown}
 d - a scroll of fog {unknown}
 e - 2 scrolls of remove curse
 h - 7 scrolls of identify
 j - 3 scrolls of teleportation
 l - a scroll of random uselessness {unknown}
 m - a scroll of enchant weapon {unknown}
 n - a scroll of magic mapping
 o - 2 scrolls of noise {unknown}
 p - 4 scrolls of fear {unknown}
 q - 3 scrolls of immolation
Potions
 f - a potion of brilliance {unknown}
 i - 2 potions of lignification
 r - 3 potions of curing
 s - a potion of flight
Comestibles
 c - 8 rations


   Skills:
 + Level 6.6 Fighting
 + Level 7.3 Axes
 - Level 2.4 Dodging
 - Level 1.5 Stealth


You had 5 spell levels left.
You didn't know any spells.
Your spell library contained the following spells:

 Spells                   Type           Power        Failure   Level  Hunger
 Magic Dart               Conj           #...         100%        1    ##.....
 Searing Ray              Conj           #.....       100%        2    ###....
 Dazzling Spray           Conj/Hex       #.....       100%        3    ####...
 Force Lance              Conj/Tloc      #.......     100%        4    #####..
 Fulminant Prism          Conj/Hex       #.........   100%        4    #####..
 Iskenderun's Mystic Bla  Conj           #.......     100%        4    #####..


Dungeon Overview and Level Annotations

Branches:
Dungeon (4/15)
 Temple: D:4-7

Altars:
Nemelex Xobeh
Ru
Xom
Yredelemnul

Annotations:
D:4 Grinder


Message History

You hit Grinder.
Grinder is lightly wounded.
Grinder says, "Just stop there for a second..."
Grinder barely misses you.
You hit Grinder.
Grinder is moderately wounded.
Grinder hits you.
* * * LOW HITPOINT WARNING * * *
You writhe in agony.
* * * LOW HITPOINT WARNING * * *
You hit Grinder.
Grinder is moderately wounded.
Grinder hits you.
* * * LOW HITPOINT WARNING * * *
You writhe in agony.
* * * LOW HITPOINT WARNING * * *
You hit Grinder.
Grinder is heavily wounded.
Grinder hits you!
You die...

#######.##########.##############
............................[....
#######.########....#############
#.# #....# #..... #.# #....#
#..... #.# #....### #..... ##.##
##.....# #.....
#...########.....# ###.....
#..........@.....# #.......
#....#######5....# #...####
##+#.# ....(# #...#
#######.#.###### #########...####
.[............... ...............
######.######### ########...###.
#.# ##### #. #.# #. #.# ##


You could see Grinder.

Vanquished Creatures
  Duvessa (D:4)
  Dowan (D:4)
  3 orc wizards (D:3)
  Natasha (D:4)
  An adder (D:2)
  A shadow imp (D:3)
  An adder skeleton (D:4)
  2 dart slugs (D:1)
  10 orcs
  A ball python (D:4)
  4 bats
  5 giant cockroaches
  9 goblins
  7 hobgoblins
  4 jackals (D:1)
  6 kobolds
  2 quokkas
  6 frilled lizards
  A leopard gecko skeleton (D:4)
  9 rats
75 creatures vanquished.

Notes
Turn   | Place    | Note
-------+----------+-------------------------------------------
     0 | D:1      | Nixze the Hill Orc Monk began the quest for the Orb.
     0 | D:1      | Reached XP level 1. HP: 19/19 MP: 1/1
   419 | D:1      | Reached XP level 2. HP: 19/27 MP: 2/2
  1153 | D:1      | Reached XP level 3. HP: 34/34 MP: 3/3
  1622 | D:2      | Reached skill level 5 in Axes
  1913 | D:2      | Found a sparkling altar of Nemelex Xobeh.
  2167 | D:3      | Reached XP level 4. HP: 37/41 MP: 4/4
  2416 | D:3      | Reached skill level 5 in Fighting
  2668 | D:3      | Found a sacrificial altar of Ru.
  2668 | D:3      | Found a basalt altar of Yredelemnul.
  2669 | D:3      | Found a shimmering altar of Xom.
  2862 | D:3      | Reached XP level 5. HP: 43/48 MP: 5/5
  2872 | D:3      | Reached skill level 6 in Axes
  3396 | D:4      | Noticed Dowan
  3396 | D:4      | Noticed Duvessa
  3431 | D:4      | Killed Dowan
  3580 | D:4      | Noticed Natasha
  3595 | D:4      | Killed Natasha
  3595 | D:4      | Reached XP level 6. HP: 35/57 MP: 6/6
  3730 | D:4      | HP: 2/57 [Duvessa/+0 short sword (11)]
  4090 | D:4      | Killed Duvessa
  4090 | D:4      | Reached skill level 7 in Axes
  4499 | D:4      | Noticed Grinder
  4508 | D:4      | Paralysed by Grinder for 2 turns
  4515 | D:4      | Slain by Grinder

Vault maps used:
D:1:      evilmike_arrival_crescent, hangedman_decor_push
D:2:      lemuel_crystal_altar
D:3:      gammafunk_temple_overflow_claw
D:4:      uniq_grinder, uniq_natasha, uniq_sigmund, uniq_duvessa

Skill      XL: |  1  2  3  4  5  6 |
---------------+-------------------+-----
Fighting       | 4 5 6 |  6.6
Axes           | 5 6 7 |  7.3
Dodging        | |  2.4
Stealth        | |  1.5

Action                   |  1- 3 |  4- 6 || total
-------------------------+-------+-------++-------
Melee: Hand axe          |   167 |   199 ||   366
  Use: Scroll            |       |     8 ||     8
       Potion            |       |     2 ||     2
 Stab: Sleeping          |     5 |       ||     5
  Eat: Chunk             |     4 |    19 ||    23
Armor: Robe              |    17 |     8 ||    25
       Chain mail        |       |    56 ||    56
Dodge: Dodged            |   107 |    71 ||   178

Table legend:
 A = Non-vault XP
 B = Vault XP
 C = Vault XP percentage of total XP
 D = Non-vault monster count
 E = Vault monster count
 F = Vault count percentage of total count
                 A         B        C        D         E       F
            +---------+---------+-------+---------+---------+-------
      Total |     253 |     253 |  50.0 |      72 |       3 |   4.0
            +---------+---------+-------+---------+---------+-------
        D:1 |      48 |       0 |   0.0 |      28 |       0 |   0.0
        D:2 |      31 |       0 |   0.0 |      13 |       0 |   0.0
        D:3 |     151 |       0 |   0.0 |      22 |       0 |   0.0
        D:4 |      23 |     253 |  91.7 |       9 |       3 |  25.0
            +---------+---------+-------+---------+---------+-------
